[Event "Titled Tuesday Blitz July 6 2021"]
[White "pooh2012"]
[Black "Makhnev, Denis"]
[BlackFideId "13707647"]
[WhiteElo "2484"]
[BlackElo "2537"]
[Result "0-1"]
[Round "06"]
[TimeControl "180+1"]
[Date "2021.07.06"]
[WhiteClock "0:00:14"]
[BlackClock "0:00:43"]

1. e4 c6 2. Nc3 d5 3. Nf3 Bg4 4. h3 Bh5 5. exd5 cxd5 6. g4 Bg6 7. Bb5+ Nc6 8. Ne5 Rc8 9. h4 f6 10. Nxg6 hxg6 11. d4 e6 12. Bd3 Kf7 13. h5 gxh5 14. gxh5 f5 15. Be3 Nf6 16. Qf3 Bb4 17. Kf1 Bxc3 18. bxc3 Na5 19. Rb1 Qe7 20. Bd2 Nc4 21. Bc1 Ne4 22. Bxe4 dxe4 23. Qg3 b6 24. Qg6+ Kg8 25. h6 Qf7 26. Rg1 Rh7 27. d5 Qxg6 28. Rxg6 exd5 29. Rb5 Ne5 30. Re6 Ng4 31. Rxd5 Nxh6 32. Bxh6 Rxh6 33. Rxh6 gxh6 34. Rxf5 Rxc3 35. Re5 Rxc2 36. Rxe4 Rxa2 37. Rh4 Kg7 38. Rc4 b5 39. Rc7+ Kg6 40. Rb7 a6 41. Ke1 0-1


[Site "https://www.chess.com"]

[Event "Titled Tuesday Blitz July 6 2021"]
[White "Afanasiev, Nikita"]
[Black "Grebeniuk, Semen"]
[WhiteFideId "24183555"]
[BlackFideId "14117509"]
[WhiteElo "2891"]
[BlackElo "2581"]
[Result "1-0"]
[Round "07"]
[TimeControl "180+1"]
[Date "2021.07.06"]
[WhiteClock "0:02:00"]
[BlackClock "0:00:01"]

1. f4 d5 2. g3 g6 3. Bg2 Bg7 4. Nh3 Bxh3 5. Bxh3 e6 6. Bg2 Ne7 7. d3 O-O 8. e4 c6 9. Qe2 Nd7 10. Nd2 a5 11. a4 Qb6 12. c3 Rfe8 13. Nf3 dxe4 14. dxe4 c5 15. Be3 e5 16. Rd1 exf4 17. Bxf4 Nf6 18. Ne5 Nc6 19. Nc4 Qb3 20. O-O Rad8 21. Rxd8 Nxd8 22. e5 Nh5 23. Nd6 Nxf4 24. gxf4 Re7 25. Qd2 Nc6 26. Bd5 Qxa4 27. Bxf7+ Rxf7 28. Qd5 Nd8 29. Nxf7 Nxf7 30. e6 Qe8 31. Rd1 Nh6 32. e7+ Nf7 33. Qd7 Qxd7 34. Rxd7 Nd6 35. Rxd6 Kf7 36. Rd7 Bf6 37. Rxb7 Bxe7 38. Ra7 h5 39. Kg2 Ke6 40. Rxa5 Bd6 41. Kf3 Kd5 42. Ra6 c4 43. h3 1-0


[Site "https://www.chess.com"]

[Event "Titled Tuesday Blitz July 6 2021"]
[White "Altman, Joshua"]
[Black "Senthil Maran K"]
[WhiteFideId "426210"]
[BlackFideId "25035681"]
[WhiteElo "1945"]
[BlackElo "2194"]
[Result "1-0"]
[Round "07"]
[TimeControl "180+1"]
[Date "2021.07.06"]
[WhiteClock "0:00:09"]
[BlackClock "0:00:04"]

1. d4 d5 2. c4 e6 3. Nc3 Be7 4. cxd5 exd5 5. Nf3 c6 6. Bf4 Nf6 7. e3 O-O 8. Bd3 Nbd7 9. h3 Re8 10. Rc1 Rf8 11. O-O Re8 12. Nb5 Nf8 13. Nc7 Be6 14. Nxa8 Qxa8 15. Ne5 Qd8 16. Qa4 a6 17. Qb3 Bc8 18. Qc2 Ne6 19. Bh2 g6 20. a3 Ng5 21. b4 Bd6 22. Bf4 Ne6 23. Qb3 Nh5 24. Bh2 Ng5 25. f4 Ne6 26. a4 f6 27. Nf3 Nc7 28. Rce1 Be6 29. f5 Bf7 30. Bxd6 Qxd6 31. fxg6 hxg6 32. Qc2 Kg7 33. e4 Qxb4 34. e5 f5 35. Rb1 Qa5 36. Rxb7 Ne6 37. Bxf5 Nhf4 38. Bxe6 Nxe6 39. Nh4 Nc7 40. Qxc6 Re7 41. Qf6+ Kf8 42. Nxg6+ Ke8 43. Qxe7# 1-0


[Site "https://www.chess.com"]

[Event "Titled Tuesday Blitz July 6 2021"]
[White "Andreikin, Dmitry"]
[Black "Abdusattorov, Nodirbek"]
[WhiteFideId "4158814"]
[BlackFideId "14204118"]
[WhiteElo "2782"]
[BlackElo "2662"]
[Result "1-0"]
[Round "07"]
[TimeControl "180+1"]
[Date "2021.07.06"]
[WhiteClock "0:00:04"]
[BlackClock "0:00:02"]

1. e4 e6 2. d4 d5 3. Nc3 Bb4 4. e5 c5 5. a3 Ba5 6. b4 cxd4 7. Qg4 Kf8 8. bxa5 dxc3 9. Nf3 Nc6 10. Bd3 Nge7 11. O-O Ng6 12. Qg3 Bd7 13. h4 Qc7 14. Re1 Nge7 15. a4 h6 16. Ba3 Qxa5 17. Rab1 b6 18. Bb5 a6 19. Bxc6 Bxc6 20. Nd4 Qxa4 21. Bxe7+ Kxe7 22. Rb4 Qa2 23. Nxc6+ Kd7 24. Rxb6 Qxc2 25. Qxg7 Qg6 26. Qxg6 fxg6 27. Nd4 Rhc8 28. Rd6+ Ke7 29. Rxe6+ Kf7 30. Rb6 Rc4 31. e6+ Ke8 32. Nc2 d4 33. Rd6 Rd8 34. Rxd8+ Kxd8 35. Rd1 Ke7 36. Rxd4 Rc5 37. Ra4 Rd5 38. Rxa6 Rd2 39. Ra2 Kxe6 40. g3 Ke5 41. Kg2 Ke4 42. Ra4+ Kd3 43. Ne3 c2 44. Nxc2 Rxc2 45. Ra6 g5 46. Rxh6 gxh4 47. Rxh4 Rb2 48. Rf4 Ra2 49. g4 Ra1 50. g5 Ra4 51. Rxa4 1-0


[Site "https://www.chess.com"]

[Event "Titled Tuesday Blitz July 6 2021"]
[White "Assaubayeva, Bibisara"]
[Black "Kamsky, Gata"]
[WhiteFideId "13708694"]
[BlackFideId "2000024"]
[WhiteElo "2232"]
[BlackElo "2644"]
[Result "0-1"]
[Round "07"]
[TimeControl "180+1"]
[Date "2021.07.06"]
[WhiteClock "0:00:29"]
[BlackClock "0:00:22"]

1. d4 Nf6 2. c4 e6 3. Nf3 b6 4. g3 Ba6 5. b3 c6 6. Bg2 d5 7. O-O Nbd7 8. Qc2 Rc8 9. Rd1 Ne4 10. Nbd2 Nxd2 11. Bxd2 Be7 12. Bf4 O-O 13. Ne5 Nxe5 14. Bxe5 Bd6 15. Bxd6 Qxd6 16. e4 dxc4 17. bxc4 c5 18. d5 b5 19. cxb5 Bxb5 20. Qb2 Ba4 21. Rd2 exd5 22. Rxd5 Qb6 23. Qc3 Qb4 24. Qxb4 cxb4 25. Ra5 Bc2 26. Rxa7 Ra8 27. Rxa8 Rxa8 28. e5 Ra5 29. Rc1 Rxa2 30. Bd5 Rb2 31. Ra1 Rb1+ 32. Rxb1 Bxb1 33. e6 Kf8 34. Kf1 fxe6 35. Bxe6 Ke7 36. Bb3 Kd6 37. Ke2 Kc5 38. Ke3 h6 39. f4 Bf5 40. Ba2 Bc2 41. g4 b3 42. Bxb3 Bxb3 43. f5 Kd6 44. Kf4 Ke7 45. h4 Bd1 46. g5 h5 47. Ke5 Kf7 48. g6+ Ke7 49. Ke4 Kf6 50. Kf4 Bc2 0-1


[Site "https://www.chess.com"]

[Event "Titled Tuesday Blitz July 6 2021"]
[White "Bluebaum, Matthias"]
[Black "Kobo, Ori"]
[WhiteFideId "24651516"]
[BlackFideId "2812320"]
[WhiteElo "2685"]
[BlackElo "2431"]
[Result "1-0"]
[Round "07"]
[TimeControl "180+1"]
[Date "2021.07.06"]
[WhiteClock "0:00:35"]
[BlackClock "0:00:03"]

1. d4 Nf6 2. c4 g6 3. Nc3 d5 4. Bg5 Bg7 5. Nf3 Ne4 6. Bf4 Nxc3 7. bxc3 dxc4 8. e3 Be6 9. h4 h6 10. Qb1 Qd5 11. e4 Qa5 12. Bd2 Qb6 13. Qc2 c6 14. Bf4 Nd7 15. Nd2 Qa5 16. Bxc4 Bxc4 17. Nxc4 Qa6 18. Qe2 O-O 19. Nd2 Qa3 20. Qc4 e5 21. Be3 Nb6 22. Qb3 Qxb3 23. axb3 exd4 24. cxd4 c5 25. Nf3 Rfe8 26. e5 cxd4 27. Bxd4 Nd7 28. Ra5 b6 29. Rd5 Nf6 30. Rb5 Nd7 31. O-O Rac8 32. b4 Nf8 33. Rd5 Rc7 34. b5 Ne6 35. Be3 Rec8 36. Rfd1 Bf8 37. g3 Kh7 38. Kg2 Bc5 39. Bc1 Kg7 40. Nh2 h5 41. Nf3 Be7 42. Be3 Bc5 43. Bg5 Be7 44. Bxe7 Rxe7 45. Nd2 Nc7 46. Rd3 Nxb5 47. f4 Rc2 48. Kh3 Nc3 49. Rf1 Rc7 50. Rd8 Nb5 51. Ne4 Rc8 52. Rd7 R2c7 53. Rfd1 Rxd7 54. Rxd7 Rc7 55. Rd8 f5 56. exf6+ Kf7 57. Rh8 Ke6 58. Rf8 Nd4 59. Ng5+ Kf5 60. f7 Kf6 61. Ra8 Rxf7 62. Nxf7 Kxf7 63. Rxa7+ Kf6 64. Rd7 Ne6 65. Rd6 Kf5 66. Rxb6 1-0


[Site "https://www.chess.com"]

[Event "Titled Tuesday Blitz July 6 2021"]
[White "Boidiya, Sidi"]
[Black "Wagner, Dennis"]
[WhiteFideId "19600100"]
[BlackFideId "24650684"]
[WhiteElo "2113"]
[BlackElo "2355"]
[Result "1/2-1/2"]
[Round "07"]
[TimeControl "180+1"]
[Date "2021.07.06"]
[WhiteClock "0:00:27"]
[BlackClock "0:00:11"]

1. e4 c5 2. Nc3 d6 3. g3 g6 4. Bg2 Bg7 5. d3 Nc6 6. h3 Rb8 7. a4 b6 8. Be3 e5 9. Qd2 Be6 10. Nge2 Nge7 11. O-O Qd7 12. Kh2 h5 13. f4 h4 14. g4 f5 15. g5 Nd4 16. Nd5 Bxd5 17. exd5 Nxe2 18. Qxe2 exf4 19. Bxf4 Bxb2 20. Rab1 Bd4 21. Rfe1 Bc3 22. Rf1 Kf7 23. Rb3 Ba5 24. d4 cxd4 25. Rd3 Bc3 26. Bd2 Rbc8 27. Re1 Rc7 28. Bxc3 dxc3 29. Qe3 Re8 30. Qd4 Ng8 31. Rde3 Rxe3 32. Rxe3 Qd8 33. Qxh4 Kg7 34. Qd4+ Kf8 35. h4 Qc8 36. Bf1 Re7 37. Rxc3 Qe8 38. Rf3 Re4 39. Qh8 Qe5+ 40. Qxe5 Rxe5 41. c4 Ne7 42. Kg3 Re4 43. Rf4 Re3+ 44. Rf3 Re4 45. Rf4 Re3+ 46. Rf3 Re4 1/2-1/2


[Site "https://www.chess.com"]

[Event "Titled Tuesday Blitz July 6 2021"]
[White "Dan-Lowes"]
[Black "Alavkin, Arseny"]
[BlackFideId "4120612"]
[WhiteElo "2253"]
[BlackElo "2401"]
[Result "0-1"]
[Round "07"]
[TimeControl "180+1"]
[Date "2021.07.06"]
[WhiteClock "0:00:16"]
[BlackClock "0:00:27"]

1. e4 e6 2. d4 d5 3. Nc3 Bb4 4. e5 c5 5. a3 Bxc3+ 6. bxc3 Qc7 7. Qg4 Ne7 8. Bd3 cxd4 9. Ne2 Nbc6 10. cxd4 Bd7 11. c3 O-O-O 12. O-O Kb8 13. Bg5 Rc8 14. Rfb1 Ng6 15. Bb5 Na5 16. Bxd7 Qxd7 17. Qg3 Rc7 18. Rb4 Rhc8 19. Rab1 Nc4 20. a4 Ka8 21. h4 h5 22. Bc1 Qe7 23. Bg5 Qd7 24. Bc1 a6 25. Bg5 Nf8 26. Qf3 g6 27. Qd3 Qe8 28. Qd1 Nd7 29. Qb3 Na5 30. Qd1 Nb8 31. Bd2 Nc4 32. Nc1 Nc6 33. R4b3 N6a5 34. Rb4 Nxd2 35. Qxd2 Rxc3 36. Nd3 Rc2 37. Qg5 R8c4 38. Nc5 Rxb4 39. Rxb4 Ka7 40. Qe3 b6 41. Nb3 Nc6 42. Na1 Nxb4 43. Nxc2 Nxc2 44. Qc3 Ne1 45. Qxe1 Qxa4 46. Qc3 Qd7 47. Kh2 Kb7 48. Kg3 Qc7 49. Qa3 a5 50. f3 Ka6 51. Qf8 Kb5 52. Qa3 a4 53. Qb2+ Ka5 54. Qa3 b5 55. Qf8 b4 56. Qa8+ Kb5 57. Qe8+ Qc6 58. Qb8+ Kc4 59. Qa7 a3 60. Qxf7 a2 61. Qa7 Kb3 62. Kf4 Kb2 63. Kg5 a1=Q 64. Qxa1+ Kxa1 65. Kxg6 b3 66. g4 b2 67. gxh5 b1=Q+ 68. Kg7 Qd7+ 69. Kg8 Qbh7+ 70. Kf8 Qdf7# 0-1


[Site "https://www.chess.com"]

[Event "Titled Tuesday Blitz July 6 2021"]
[White "De Silva, L M S T"]
[Black "Leve, Nitai"]
[WhiteFideId "9953698"]
[BlackFideId "2006898"]
[WhiteElo "1621"]
[BlackElo "2144"]
[Result "0-1"]
[Round "07"]
[TimeControl "180+1"]
[Date "2021.07.06"]
[WhiteClock "0:00:08"]
[BlackClock "0:00:04"]

1. e4 e6 2. d4 d5 3. Nc3 Nf6 4. e5 Nfd7 5. f4 c5 6. Nf3 Nc6 7. Be3 cxd4 8. Nxd4 Bc5 9. Qd2 a6 10. O-O-O O-O 11. Nf3 Bxe3 12. Qxe3 b5 13. f5 b4 14. Nxd5 exd5 15. Rxd5 Qb6 16. Qf4 Ne7 17. Rd6 Qa5 18. Bc4 Nb6 19. f6 Ng6 20. Bxf7+ Rxf7 21. Rd8+ Nf8 22. Ng5 Be6 23. Rxa8 Nxa8 24. Nxf7 Bxf7 25. fxg7 Ng6 26. Qf6 Qxe5 27. Qxa6 Nc7 28. Qc8+ Kxg7 29. Kb1 Nd5 30. Qa8 Ne3 31. Re1 Qc5 32. Qe4 Nd5 33. h4 h5 34. g4 hxg4 35. Qxg4 Kh7 36. h5 Nge7 37. Qe4+ Kg7 38. Rg1+ Kf8 39. Rf1 Ke8 40. Re1 Bxh5 41. Qh4 Kd7 42. Qh3+ Kd6 43. Rc1 Bg6 44. Qb3 Bf5 45. Rd1 Be6 46. Qg3+ Kc6 47. Re1 Bd7 48. Qg5 Nf5 49. Qc1 Nd6 50. Rd1 Nb5 51. Qd2 Be6 52. Re1 Bf7 53. Qe2 Nbc3+ 54. Kc1 Nxe2+ 55. Rxe2 Qg1+ 56. Kd2 Qg5+ 57. Kd3 Bg6+ 58. Kd4 Qf6+ 59. Re5 Qf4+ 60. Re4 Qxe4# 0-1


[Site "https://www.chess.com"]

[Event "Titled Tuesday Blitz July 6 2021"]
[White "Deviprasath, Sharvesh"]
[Black "Arutinian, David"]
[WhiteFideId "30938228"]
[BlackFideId "13601741"]
[WhiteElo "2102"]
[BlackElo "2525"]
[Result "0-1"]
[Round "07"]
[TimeControl "180+1"]
[Date "2021.07.06"]
[WhiteClock "0:00:04"]
[BlackClock "0:00:35"]

1. Nf3 Nf6 2. c4 e6 3. Nc3 d5 4. e3 Be7 5. b3 O-O 6. Bb2 c5 7. cxd5 exd5 8. d4 Nc6 9. Be2 Re8 10. O-O Bg4 11. dxc5 Bxc5 12. Rc1 Bd6 13. h3 Be6 14. Nd4 Rc8 15. Bf3 Bb8 16. Qd2 Qd6 17. Rfd1 Qh2+ 18. Kf1 Ne5 19. Ke2 Nxf3 20. Nxf3 Qd6 21. Qd4 a6 22. Kf1 Rcd8 23. Rd2 h6 24. Rcd1 Qe7 25. Ne2 Bf5 26. Nf4 Be4 27. Nh2 Qd7 28. Ng4 Qb5+ 29. Kg1 Rd6 30. f3 Bf5 31. Nf2 Rdd8 32. g4 Be5 33. Qa4 Qxa4 34. bxa4 Bxb2 35. Rxb2 Bd7 36. Rxb7 Bxa4 37. Rd4 Bb5 38. h4 Rxe3 39. g5 hxg5 40. hxg5 Nh7 41. g6 fxg6 42. Nxg6 Ng5 43. Ne7+ Rxe7 44. Rxe7 0-1


[Site "https://www.chess.com"]

[Event "Titled Tuesday Blitz July 6 2021"]
[White "Dobre, Claudiu-Cristian"]
[Black "Piesik, Piotr"]
[WhiteFideId "1211854"]
[BlackFideId "1136194"]
[WhiteElo "2259"]
[BlackElo "2354"]
[Result "0-1"]
[Round "07"]
[TimeControl "180+1"]
[Date "2021.07.06"]
[WhiteClock "0:00:06"]
[BlackClock "0:01:20"]

1. c4 g6 2. Nf3 Bg7 3. d4 d6 4. Nc3 Nd7 5. e4 e5 6. Be3 Ngf6 7. h3 O-O 8. dxe5 dxe5 9. c5 Qe7 10. b4 a5 11. a3 axb4 12. axb4 Rxa1 13. Qxa1 Nh5 14. Nd5 Qd8 15. Qa5 c6 16. Qxd8 Rxd8 17. Ne7+ Kf8 18. Nxc8 Rxc8 19. Bc4 Nf4 20. O-O Ke7 21. Rd1 Nf8 22. g3 N4e6 23. Ra1 Nd4 24. Ne1 Nfe6 25. Ra7 Rc7 26. f4 exf4 27. gxf4 f5 28. e5 Bh6 29. Nd3 Ne2+ 30. Kf2 N2xf4 31. Nxf4 Bxf4 32. Bxf4 Nxf4 33. h4 h6 34. Kf3 g5 35. Bg8 Ng6 36. hxg5 hxg5 37. e6 Nf4 38. Bh7 Kxe6 39. Ra1 Rd7 40. Rh1 Rd3+ 41. Kf2 g4 42. Rh6+ Ke5 43. Bg8 Rd2+ 44. Ke1 Rb2 45. Rh7 Rxb4 46. Re7+ Kd4 47. Bh7 Nd3+ 48. Kf1 Rb1+ 49. Kg2 Nf4+ 50. Kg3 Nd5 51. Re2 Rb3+ 52. Kh4 Rh3+ 0-1


[Site "https://www.chess.com"]

[Event "Titled Tuesday Blitz July 6 2021"]
[White "Dubov, Daniil"]
[Black "Howell, David W L"]
[WhiteFideId "24126055"]
[BlackFideId "410608"]
[WhiteElo "2722"]
[BlackElo "2643"]
[Result "1/2-1/2"]
[Round "07"]
[TimeControl "180+1"]
[Date "2021.07.06"]
[WhiteClock "0:00:10"]
[BlackClock "0:00:11"]

1. d4 d5 2. Nf3 Nf6 3. c4 e6 4. g3 Be7 5. Bg2 O-O 6. Qc2 c6 7. O-O Nbd7 8. Rd1 b6 9. Bf4 Bb7 10. Nbd2 Rc8 11. e4 dxc4 12. Nxc4 c5 13. d5 exd5 14. exd5 Bxd5 15. Nce5 Be4 16. Qe2 Bf5 17. Nh4 Be6 18. Nc6 Rxc6 19. Bxc6 Qc8 20. Bg2 Re8 21. Nf3 Nf8 22. Ne5 Ng6 23. Nxg6 hxg6 24. Qc2 b5 25. Re1 c4 26. Rad1 Bb4 27. Bd2 Bc5 28. Be3 Bb4 29. Rf1 Bf5 30. Qc1 Bd3 31. Rxd3 cxd3 32. Qc6 d2 33. Rd1 Qxc6 34. Bxc6 Rxe3 35. fxe3 Ng4 36. Bxb5 Nxe3 37. Be2 Nxd1 38. Bxd1 a5 39. Kf2 Kf8 40. Ke2 Ke7 41. a3 Bc5 42. Kxd2 Bg1 43. h3 Bh2 44. g4 Be5 45. b4 axb4 46. axb4 g5 47. Kd3 Kd6 48. Kc4 Bf4 49. Kd4 Bh2 50. Bb3 f6 51. Ke4 Be5 52. Bc4 Bc3 53. b5 Kc5 54. Bd3 Kb6 55. Kf5 Bd4 56. Kg6 Bc3 57. Bc4 Bd4 58. Bd3 Bc3 59. Kf7 Bd4 60. Kxg7 f5+ 61. Kg6 fxg4 62. hxg4 Be3 63. Kf5 Bf4 64. Ke4 Bc1 65. Kf5 Bf4 66. Ke4 Bc1 67. Kf5 Bf4 1/2-1/2


[Site "https://www.chess.com"]

[Event "Titled Tuesday Blitz July 6 2021"]
[White "Elgersma, Onno"]
[Black "Mirzoev, Azer"]
[WhiteFideId "1053531"]
[BlackFideId "13400304"]
[WhiteElo "2496"]
[BlackElo "2525"]
[Result "0-1"]
[Round "07"]
[TimeControl "180+1"]
[Date "2021.07.06"]
[WhiteClock "0:00:25"]
[BlackClock "0:00:11"]

1. e4 c6 2. Nf3 d5 3. Nc3 Nf6 4. Qe2 e6 5. g3 d4 6. Nb1 c5 7. d3 Nc6 8. Bg2 e5 9. O-O Bd6 10. Nfd2 O-O 11. h3 a6 12. f4 b5 13. a4 Rb8 14. axb5 axb5 15. f5 Nd7 16. g4 f6 17. g5 fxg5 18. Nf3 h6 19. h4 g4 20. Nh2 h5 21. Bg5 Be7 22. Bxe7 Qxe7 23. Qf2 Nb6 24. Na3 Na4 25. Rfb1 Ba6 26. Qg3 Rb6 27. Kh1 Qf6 28. Bf1 Nb4 29. c3 dxc3 30. bxc3 Nxc3 31. Rc1 Na4 32. Rab1 Rd6 33. Be2 Rfd8 34. Rb3 R6d7 35. Kg1 Rd6 36. Kh1 Qh6 37. Rd1 Nc6 38. Nxb5 Bxb5 39. Rxb5 Nc3 40. Rxc5 Nxe2 41. Qf2 Ned4 42. Nf1 Qf4 43. Kg2 Qxf2+ 44. Kxf2 Nf3 45. Ng3 Nb4 46. Rc3 Nxd3+ 47. Ke3 Nf4 48. Rxd6 Rxd6 49. Rc8+ Kh7 50. f6 Rxf6 51. Nf5 Ng6 52. Rc7 Nfxh4 53. Nxg7 Rf3+ 54. Ke2 Kh6 55. Nf5+ Nxf5 56. exf5 Rxf5 0-1


[Site "https://www.chess.com"]

[Event "Titled Tuesday Blitz July 6 2021"]
[White "Flores Quillas, Diego Saul Rodri"]
[Black "Alavi, Sayed Javad"]
[WhiteFideId "3822508"]
[BlackFideId "12500607"]
[WhiteElo "2552"]
[BlackElo "2742"]
[Result "1-0"]
[Round "07"]
[TimeControl "180+1"]
[Date "2021.07.06"]
[WhiteClock "0:00:10"]
[BlackClock "0:00:15"]

1. e4 e5 2. Nf3 Nc6 3. c3 Nf6 4. d4 Nxe4 5. d5 Ne7 6. Nxe5 Ng6 7. Qe2 Qe7 8. Nxg6 hxg6 9. Bf4 d6 10. Na3 g5 11. Be3 a6 12. O-O-O Bf5 13. Nc2 Bd7 14. Nd4 f5 15. Re1 Qe5 16. Qc4 b5 17. Qxc7 Qxd5 18. f3 Rc8 19. fxe4 fxe4 20. Qa5 Be7 21. Be2 O-O 22. Kb1 Kh7 23. Rhf1 Bf6 24. Bd1 Qe5 25. h3 Rc5 26. Nc2 Rcc8 27. Bd4 Qe7 28. Bxf6 gxf6 29. Qb6 f5 30. Qd4 Bc6 31. Qd2 f4 32. Bg4 e3 33. Qd1 Be4 34. Ka1 Qf6 35. Bxc8 Rxc8 36. Nd4 b4 37. Qh5+ Kg7 38. Rc1 bxc3 39. bxc3 Bg6 40. Qg4 Rxc3 41. Rxc3 Qxd4 42. Rc1 a5 43. Qxg5 e2 44. Qe7+ Kh6 45. Qxe2 Be4 46. Qd1 Qe5 47. g3 fxg3 48. Qg4 g2 49. Kb2 Qb5+ 50. Ka1 Qe5 51. Qg3 Qd4 52. a3 d5 53. Qe3+ Qxe3 54. Rxe3 Kg5 55. Rxe4 dxe4 56. Rg1 Kf4 57. Rxg2 Kf3 58. Rg7 e3 59. h4 e2 60. Re7 Kf2 61. h5 e1=Q+ 62. Rxe1 Kxe1 63. h6 Kd2 64. h7 1-0


[Site "https://www.chess.com"]

[Event "Titled Tuesday Blitz July 6 2021"]
[White "Gabrielian, Artur"]
[Black "Leiva, Gianmarco"]
[WhiteFideId "4131002"]
[BlackFideId "3804399"]
[WhiteElo "2523"]
[BlackElo "2365"]
[Result "1-0"]
[Round "07"]
[TimeControl "180+1"]
[Date "2021.07.06"]
[WhiteClock "0:00:12"]
[BlackClock "0:00:08"]

1. e4 c6 2. d4 d5 3. e5 Bf5 4. Bd3 Bxd3 5. Qxd3 e6 6. Ne2 c5 7. c3 Qb6 8. Nd2 Nc6 9. O-O cxd4 10. cxd4 Rc8 11. a3 Nge7 12. Nf3 Na5 13. Nc3 Nf5 14. Nxd5 Qa6 15. Qxa6 bxa6 16. g4 Nb3 17. gxf5 Nxa1 18. fxe6 fxe6 19. Nf4 Kd7 20. Ng5 h6 21. Ngxe6 g5 22. Nxf8+ Rhxf8 23. Nd3 Nb3 24. Be3 Ke6 25. Rd1 Rfd8 26. Nb4 a5 27. Na2 Rc4 28. Nc3 Nxd4 29. Kg2 Nc6 30. Re1 Rb8 31. Re2 Rb3 32. Rd2 Nxe5 33. Bxa7 g4 34. Be3 h5 35. Re2 Kf5 36. Nd5 Nf3 37. Ne7+ Kf6 38. Nd5+ Kf5 39. Ne7+ Kf6 40. Nd5+ Kf7 41. Nf4 Nh4+ 42. Kg3 Nf5+ 43. Kg2 Nh4+ 44. Kg3 Nf5+ 45. Kg2 Nxe3+ 46. fxe3 h4 47. h3 gxh3+ 48. Nxh3 Rg4+ 49. Kh2 Re4 50. Ng5+ Kf6 51. Nxe4+ Kf5 52. Nf2 Rxe3 53. Rxe3 Kf4 54. Rh3 Kg5 55. Ne4+ Kg4 56. a4 Kh5 57. Nd6 Kg4 58. Nc4 Kf4 59. Nxa5 Kg4 60. Nb7 Kf4 61. a5 Kg4 62. a6 Kf4 63. a7 Kg4 64. a8=Q Kf4 65. Rxh4+ Kg5 66. Kg3 Kf5 67. Kf3 Ke5 68. Re4+ Kd5 69. Qa5+ Kc6 70. Re6+ Kd7 71. Qd5+ Kc8 72. Qc6+ Kb8 73. Nc5 1-0


[Site "https://www.chess.com"]

[Event "Titled Tuesday Blitz July 6 2021"]
[White "Garcia Blanco, Omar"]
[Black "Dang, Hoang Son"]
[WhiteFideId "2287153"]
[BlackFideId "12402435"]
[WhiteElo "2273"]
[BlackElo "2248"]
[Result "1-0"]
[Round "07"]
[TimeControl "180+1"]
[Date "2021.07.06"]
[WhiteClock "0:00:06"]
[BlackClock "0:00:40"]

1. d4 Nf6 2. Bg5 c5 3. Bxf6 gxf6 4. e3 Qb6 5. Nf3 Qxb2 6. Nbd2 Qb6 7. Nc4 Qc7 8. d5 b5 9. Nb2 Ba6 10. Be2 Qa5+ 11. Qd2 Qxd2+ 12. Nxd2 d6 13. c4 b4 14. a3 Bb7 15. axb4 cxb4 16. Nb3 Na6 17. O-O Bg7 18. Ra4 f5 19. Nd3 Bc3 20. Rc1 Kd7 21. Bf3 Rhc8 22. Na5 Rc7 23. Nxb7 Rxb7 24. Rxa6 Rc8 25. g3 Rxc4 26. Be2 Rc8 27. Rb1 e5 28. dxe6+ fxe6 29. Ra4 Rcb8 30. Nc1 e5 31. Nb3 Rc7 32. Kf1 d5 33. Rd1 Kd6 34. Bf3 e4 35. Be2 Ke5 36. Ra5 Rd8 37. Nd4 Bxd4 38. Rxd4 Rc1+ 39. Kg2 b3 40. Rb5 Rc2 41. Bh5 b2 42. Rdb4 a6 43. Rxb2 Rxb2 44. Rxb2 a5 45. Ra2 Ra8 46. Bd1 d4 47. exd4+ Kxd4 48. Kf1 Kc3 49. Ke2 Kb4 50. Ra4+ Kb5 51. g4 f4 52. Rxe4 Rf8 53. Ba4+ Kc5 54. Kf3 Rd8 55. Rxf4 Rd3+ 56. Kg2 Ra3 57. h4 Kd5 58. Rf5+ Ke6 59. Rxa5 Kf6 60. Ra6+ Ke5 61. f3 Kf4 62. Rf6+ Ke3 63. Bc6 Ra2+ 64. Kg3 Ra1 65. g5 Rg1+ 66. Kh3 Kf2 67. g6 Rg3+ 68. Kh2 hxg6 69. h5 gxh5 70. f4 Rg4 71. Kh3 Ke3 72. f5 Kf4 73. Rf8 Rg3+ 74. Kh4 Rc3 75. Kxh5 Rxc6 76. f6 Kf5 77. f7 Rc7 78. Kh6 Kf6 79. Rg8 Rxf7 80. Rg6+ Kf5 81. Rg5+ Kf4 82. Rg6 Kf5 83. Rg5+ Ke4 84. Rg6 Rf2 85. Rg4+ Kf5 86. Rg5+ Kf6 87. Rg6+ Kf7 88. Rg7+ Kf8 89. Rg5 Rf5 90. Rxf5+ 1-0


[Site "https://www.chess.com"]

[Event "Titled Tuesday Blitz July 6 2021"]
[White "Garcia, Gabriel Gonzaga"]
[Black "Moskalenko, Alexander"]
[WhiteFideId "2138956"]
[BlackFideId "4155351"]
[WhiteElo "2240"]
[BlackElo "2495"]
[Result "0-1"]
[Round "07"]
[TimeControl "180+1"]
[Date "2021.07.06"]
[WhiteClock "0:02:46"]
[BlackClock "0:02:24"]

1. e4 c5 2. Nf3 d6 3. d4 cxd4 4. Qxd4 Nf6 5. Bb5+ Nc6 6. Nc3 Bd7 7. Bxc6 Bxc6 8. Bg5 e6 9. O-O-O Be7 10. Qd3 O-O 11. Nd4 Qa5 12. f4 Rfc8 13. Kb1 Rab8 14. g4 b5 15. Nxc6 Rxc6 16. e5 b4 17. exf6 bxc3 18. fxe7 Rxb2+ 19. Kc1 Rb1+ 0-1


[Site "https://www.chess.com"]

[Event "Titled Tuesday Blitz July 6 2021"]
[White "Gedajlovic, Max"]
[Black "Dobrov, Vladimir"]
[WhiteFideId "2616840"]
[BlackFideId "4136594"]
[WhiteElo "2560"]
[BlackElo "2774"]
[Result "0-1"]
[Round "07"]
[TimeControl "180+1"]
[Date "2021.07.06"]
[WhiteClock "0:00:03"]
[BlackClock "0:00:12"]

1. d4 Nf6 2. c4 e6 3. Nf3 c5 4. d5 exd5 5. cxd5 Bd6 6. Nc3 Bc7 7. e4 d6 8. Bd3 O-O 9. h3 a6 10. a4 Re8 11. O-O Nbd7 12. Bf4 Nf8 13. Re1 Ng6 14. Bh2 Rb8 15. Qe2 Qd7 16. Rad1 h6 17. Qc2 b5 18. axb5 axb5 19. e5 Nxe5 20. Nxe5 dxe5 21. Nxb5 Rxb5 22. Bxb5 Qxb5 23. d6 Bb8 24. Rxe5 Be6 25. Rxc5 Qb7 26. Qa4 Bb3 27. Qxe8+ Nxe8 28. d7 Bxh2+ 29. Kxh2 Qb8+ 30. g3 Bxd1 31. Rc8 Qb7 32. dxe8=Q+ Kh7 33. Qg8+ Kg6 34. Qd8 Bf3 35. Qd3+ Be4 36. Rc7 Qxc7 37. Qxe4+ Kf6 38. b4 Qa7 39. Kg2 Qb6 40. h4 g5 41. hxg5+ hxg5 42. Qf3+ Kg7 43. Qc3+ f6 44. Qc5 Qb7+ 45. Kg1 Kf7 46. b5 Ke6 47. b6 Kd7 48. Qd4+ Ke6 49. Qc4+ Kd6 50. Qd4+ Ke6 51. Kf1 Qa6+ 52. Ke1 Qa5+ 53. Ke2 Qb5+ 54. Kf3 f5 55. Qe3+ Kf6 56. Qc3+ Kg6 57. Ke3 Kh5 58. Qh8+ Kg4 59. f3+ Kxg3 60. Qb8+ f4+ 61. Ke4 Qc4+ 62. Kf5 Kxf3 63. b7 Qd5+ 64. Kf6 g4 65. Qc8 Qd6+ 66. Kf7 Qd5+ 67. Ke7 Qe5+ 68. Kd7 Qd5+ 69. Kc7 Qc5+ 70. Kd7 Qf5+ 71. Kd6 Qf6+ 72. Kd5 Qf7+ 73. Kc5 Qe7+ 74. Kb5 Qe5+ 75. Qc5 Qb2+ 76. Qb4 Qe5+ 77. Ka6 Qb8 78. Qc3+ Kg2 79. Qc8 Qd6+ 80. Ka7 Qa3+ 81. Kb6 Qb4+ 82. Kc6 Qc4+ 83. Kd7 Qf7+ 84. Kd8 Qf8+ 85. Kc7 Qc5+ 86. Kd7 Qd5+ 87. Ke7 Qe5+ 88. Kf7 Qd5+ 89. Kf6 Qd4+ 90. Kf5 f3 91. b8=Q f2 92. Qbb7+ Kg1 93. Qc1+ f1=Q+ 94. Qxf1+ Kxf1 95. Qb1+ Kf2 96. Qc2+ Kg3 97. Qb3+ Kh4 98. Qb1 Qf2+ 99. Ke4 Kg3 100. Qb8+ Kg2 101. Ke5 g3 102. Qb7+ Kg1 103. Qb1+ Kh2 104. Qh7+ Kg2 105. Qe4+ Qf3 106. Qc2+ Kh3 107. Qh7+ Kg2 108. Qc2+ Kh1 109. Qb1+ Kh2 110. Qc2+ g2 111. Qh7+ Qh3 112. Qc2 Qg3+ 113. Ke4 Kh1 0-1


[Site "https://www.chess.com"]

[Event "Titled Tuesday Blitz July 6 2021"]
[White "Gelman, Alexander"]
[Black "Sychev, Klementy"]
[WhiteFideId "4118316"]
[BlackFideId "4114060"]
[WhiteElo "2375"]
[BlackElo "2615"]
[Result "1-0"]
[Round "07"]
[TimeControl "180+1"]
[Date "2021.07.06"]
[WhiteClock "0:00:08"]
[BlackClock "0:00:01"]

1. d4 Nf6 2. Nc3 c5 3. d5 g6 4. e4 d6 5. f4 Bg7 6. Nf3 O-O 7. e5 dxe5 8. fxe5 Ng4 9. Bf4 Nd7 10. Qe2 Qc7 11. O-O-O Ngxe5 12. g3 f6 13. Bh3 b5 14. Be6+ Kh8 15. h4 h5 16. g4 Nd3+ 17. Qxd3 Qxf4+ 18. Kb1 hxg4 19. h5 gxf3 20. hxg6+ Bh6 21. g7+ Kxg7 22. Rdg1+ Qg5 23. Qxf3 Ne5 24. Qh5 Rh8 25. Ne4 Qg6 26. Rxg6+ Nxg6 27. Ng3 Bxe6 28. dxe6 Rh7 29. Nf5+ Kh8 30. Qxg6 Rg8 31. Qxh7+ Kxh7 32. Rxh6# 1-0


[Site "https://www.chess.com"]